 Dungeon Crawl Stone Soup version 0.20.1-1-g8b1a95d66d (webtiles) character file.

1582 Jukra the Grappler (level 8, 0/117 HPs)
             Began as a Troll Berserker on Oct 17, 2017.
             Was an Elder of Trog.
             Slain by a gnoll
             ... wielding a +0 halberd
              (9 damage)
             ... on level 6 of the Dungeon on Nov 18, 2017.
             The game lasted 00:20:41 (4745 turns).

Jukra the Grappler (Troll Berserker)                Turns: 4745, Time: 00:20:41

Health: 0/117      AC:  6    Str: 33    XL:     8   Next: 60%
Magic:  7/7        EV: 11    Int:  3    God:    Trog [****..]
Gold:   285        SH:  0    Dex:  9    Spells: 7/7 levels left

rFire    . . .     SeeInvis .     - Unarmed
rCold    . . .     Gourm    +   (no shield)
rNeg     . . .     Faith    .   a - +0 animal skin
rPois    .         Spirit   .   p - +1 hat
rElec    .         Reflect  .   f - scarf {cloud immunity}
rCorr    .         Harm     .   (gloves unavailable)
MR       .....                  (boots unavailable)
Stlth    ..........             (no amulet)
Regen    0.7/turn               (no ring)
MPRegen  0.1/turn               (no ring)

@: berserking, very quick
A: unfitting armour, claws 3, fast metabolism 3, gourmand, regeneration 1,
shaggy fur 1, tough skin 2
a: Berserk, Trog's Hand, Brothers in Arms, Burn Spellbooks, Renounce Religion


You were on level 6 of the Dungeon.
You worshipped Trog.
Trog was greatly pleased with you.
You were not hungry.

You visited 1 branch of the dungeon, and saw 6 of its levels.

You collected 285 gold pieces.

Inventory:

Hand Weapons
 t - a +0 short sword
 z - a +2 dagger of freezing
 H - a +0 scythe
Missiles
 v - 4 tomahawks of returning (quivered)
Armour
 a - a +0 animal skin (worn)
 e - a +0 leather armour
 f - a scarf of cloud immunity (worn)
 p - a +1 hat (worn)
 A - a +0 robe
 B - a +0 robe
 C - a +0 robe
 D - a +0 robe
 E - a +0 robe
 F - a +0 robe
 G - a +0 leather armour
 I - a +0 robe
Wands
 o - a wand of polymorph (20/24)
 x - a wand of paralysis (24/24)
 J - a wand of scattershot (2/9)
Scrolls
 c - 6 scrolls of remove curse
 i - 3 scrolls of identify
 r - 4 scrolls of magic mapping
 u - a scroll of blinking
 y - 2 scrolls of recharging
 K - a scroll of teleportation
Potions
 d - 4 potions of curing {unknown}
 h - 2 potions of flight {unknown}
 j - 2 potions of mutation {unknown}
 k - a potion of might
 l - a potion of agility
 m - a potion of heal wounds {unknown}
 s - a potion of haste {unknown}
 w - 2 potions of lignification {unknown}
 L - a potion of degeneration {unknown}
Comestibles
 b - 2 bread rations
 g - 4 royal jellies
 n - 2 meat rations
 q - 2 fruits


   Skills:
 + Level 3.8 Fighting
 + Level 4.8 Dodging
 + Level 1.9 Stealth
 + Level 8.8 Unarmed Combat


You had 7 spell levels left.
You didn't know any spells.

Dungeon Overview and Level Annotations

Branches:
Dungeon (6/15)             Temple (0/1) D:4

Altars:
Cheibriados
Makhleb
Qazlal


Innate Abilities, Weirdness & Mutations

You are too large for most types of armour.
You have claws for hands.
Your metabolism is lightning-fast.
You like to eat raw meat.
Your natural rate of healing is unusually fast.
You are covered in fur. (AC +1)
You have very tough skin. (AC +2)


Message History

You claw the gnoll shaman!
You kill the gnoll shaman!
Trog accepts your kill.
The orc wizard points at you and mumbles some strange words.
The magic dart hits you!
* * * LOW HITPOINT WARNING * * *
You barely miss the gnoll. The gnoll hits you with a flail.
* * * LOW HITPOINT WARNING * * *
You claw the gnoll!
The gnoll is almost dead.
The gnoll hits you with a flail.
* * * LOW HITPOINT WARNING * * *
You closely miss the gnoll.
The gnoll is almost dead.
You mangle the gnoll!!
You kill the gnoll!
Trog accepts your kill. The gnoll hits you but does no damage.
The gnoll hits you from afar with a halberd!
You die...

.........#
##.#
.........#
#.##
.........#
#..#
..[......#
##.##
.........#
#..#
##.#.....#
##.##
#.#####.#
#..# ##.#
#######@#
......og#
......)g.#
.........#
..........
...........
...........#
...........#
........##.#


You could see an orc wizard and 2 gnolls.

Vanquished Creatures
  Sigmund (D:5)
  A phantom (D:4)
  An ogre (D:4)
  A water moccasin zombie (D:6)
  A scorpion (D:5)
  A howler monkey (D:3)
  A bullfrog skeleton (D:4)
  A crimson imp (D:5)
  5 hounds
  A centaur skeleton (D:5)
  3 orc priests
  A gnoll shaman (D:6)
  2 jellies (D:5)
  6 orc wizards
  Natasha (thrice) (D:3)
  4 iguanas
  4 worker ants
  A hound zombie (D:6)
  6 gnolls
  5 adders
  2 oozes
  2 adder skeletons
  A worm (D:2)
  A dart slug (D:4)
  3 leopard geckos
  16 orcs
  6 bats
  8 giant cockroaches
  9 goblins
  5 hobgoblins
  13 jackals
  3 frilled lizards
  7 kobolds
  8 rats
133 creatures vanquished.

Notes
Turn   | Place    | Note
-------+----------+-------------------------------------------
     0 | D:1      | Jukra the Troll Berserker began the quest for the Orb.
     0 | D:1      | Reached XP level 1. HP: 22/22 MP: 0/0
   157 | D:1      | Reached XP level 2. HP: 29/29 MP: 1/1
   747 | D:1      | Reached ** piety under Trog
   803 | D:2      | Reached XP level 3. HP: 34/36 MP: 2/2
   962 | D:2      | Found a faded altar of an unknown god.
  1118 | D:2      | Reached XP level 4. HP: 45/45 MP: 3/3
  1311 | D:2      | Upgraded the game from 0.20.1-1-g8b1a95d to 0.20.1-1-g8b1a95d66d
  1586 | D:2      | Found a burning altar of Makhleb.
  1593 | D:2      | Reached skill level 4 in Unarmed Combat
  1776 | D:3      | Noticed Natasha
  1780 | D:3      | Killed Natasha
  1780 | D:3      | Reached XP level 5. HP: 45/53 MP: 4/4
  1883 | D:3      | Reached skill level 5 in Unarmed Combat
  1889 | D:3      | Reached *** piety under Trog
  1897 | D:3      | Reached XP level 6. HP: 32/61 MP: 5/5
  1913 | D:3      | Noticed Natasha
  1918 | D:3      | Killed Natasha
  2305 | D:3      | Noticed Natasha
  2310 | D:3      | Killed Natasha
  2557 | D:3      | Found a stormy altar of Qazlal.
  2732 | D:3      | Reached skill level 1 in Stealth
  2825 | D:4      | Reached skill level 6 in Unarmed Combat
  2923 | D:4      | Found a staircase to the Ecumenical Temple.
  2944 | D:4      | Reached XP level 7. HP: 55/67 MP: 6/6
  3119 | D:4      | Reached skill level 7 in Unarmed Combat
  3152 | D:4      | Found a snail-covered altar of Cheibriados.
  3175 | D:4      | Reached **** piety under Trog
  3619 | D:5      | Entered Level 5 of the Dungeon
  3869 | D:5      | Reached XP level 8. HP: 57/75 MP: 7/7
  4118 | D:5      | Reached skill level 8 in Unarmed Combat
  4407 | D:5      | Noticed Sigmund
  4411 | D:5      | Killed Sigmund
  4745 | D:6      | Slain by a gnoll

Skill      XL: |  1  2  3  4  5  6  7  8 |
---------------+-------------------------+-----
Dodging        | 3 4 |  4.8
Fighting       | 3 |  3.8
Unarmed Combat | 4 5 6 7 8 |  8.8
Stealth        | 1 |  1.9

Action                   |  1- 3 |  4- 6 |  7- 9 || total
-------------------------+-------+-------+-------++-------
Melee: Unarmed           |    72 |   170 |   122 ||   364
       Punch             |       |     4 |     6 ||    10
Invok: Berserk           |       |     1 |     1 ||     2
       Burn Spellbooks   |       |       |     2 ||     2
  Use: Scroll            |     3 |     7 |     1 ||    11
 Stab: Sleeping          |       |     1 |     2 ||     3
  Eat: Chunk             |     2 |    14 |    12 ||    28
       Bread ration      |     1 |     1 |     1 ||     3
       Fruit             |       |       |     4 ||     4
Armor: Animal skin       |    31 |    47 |    24 ||   102
Dodge: Dodged            |    43 |    90 |    48 ||   181
